 Dungeon Crawl Stone Soup version 0.31-a0-149-g3fdcc5976a (webtiles) character file.

Game seed: 3029160440555638084

1303 night the Skirmisher (level 8, -4/49 HPs)
             Began as a Kobold Hunter on June 7, 2023.
             Was a Priest of Cheibriados.
             Shot with a sling bullet by Joseph (19 damage)
             ... on level 7 of the Dungeon.
             The game lasted 00:11:18 (6488 turns).

night the Skirmisher (Kobold Hunter)                Turns: 6488, Time: 00:11:18

Health: -4/49      AC:  5    Str: 17    XL:     8   Next: 87%
Magic:  18/18      EV: 19    Int: 24    God:    Cheibriados [***...]
Gold:   310        SH:  5    Dex: 28    Spells: 7/7 levels left

rFire   . . .        m - +1 orcbow (elec)
rCold   . . .        (shield currently unavailable)
rNeg    . . .        c - +0 leather armour
rPois   .            (no helmet)
rElec   .            (no cloak)
rCorr   .            r - +0 pair of gloves
SInv    .            g - +0 pair of boots
Will    .....        t - amulet of reflection
Stlth   +++++        a - ring of magical power
HPRegen 0.28/turn    s - +6 ring of intelligence
MPRegen 0.16/turn

%: reflection
@: very slow
A: small, no large weapons, nightstalker 3
a: Renounce Religion, Bend Time, Temporal Distortion


You were on level 7 of the Dungeon.
You worshipped Cheibriados.
Cheibriados was most pleased with you.
You visited 1 branch of the dungeon, and saw 7 of its levels.

You collected 332 gold pieces.
You spent 22 gold pieces at shops.

Inventory:

Hand Weapons
 m - a +1 orcbow of electrocution (weapon)
Missiles
 f - 46 stones
 j - 6 poisoned darts (quivered)
Armour
 c - a +0 leather armour (worn)
 g - a +0 pair of boots (worn)
 r - a +0 pair of gloves (worn)
Jewellery
 a - a ring of magical power (left hand)
 s - a +6 ring of intelligence (right hand)
 t - an amulet of reflection (around neck)
Wands
 l - a wand of flame (21)
Scrolls
 b - a scroll of butterflies
 n - 2 scrolls of immolation
 o - 3 scrolls of teleportation
 p - 2 scrolls of magic mapping
 u - 2 scrolls of fog
 x - a scroll of enchant armour {unknown}
 y - a scroll of vulnerability {unknown}
 z - a scroll of blinking {unknown}
Potions
 d - a potion of berserk rage {unknown}
 e - 2 potions of attraction {unknown}
 h - a potion of haste {unknown}
 i - 2 potions of heal wounds
 k - 2 potions of invisibility
 q - 3 potions of curing {unknown}
 v - 2 potions of brilliance
 w - a potion of might {unknown}


   Skills:
 + Level 5.1 Fighting
 * Level 9.7 Ranged Weapons
 + Level 5.7 Dodging
 + Level 6.3 Stealth
 + Level 2.3 Invocations


You had 7 spell levels left.
You didn't know any spells.
Your spell library contained the following spells:

 Spells                   Type           Power      Damage    Failure   Level
 Necrotise                Necr           0%         1d4       19%         1
 Ensorcelled Hibernation  Hex/Ice        0%         N/A       26%         2
 Passwall                 Tmut/Erth      0%         N/A       26%         2
 Ozocubu's Armour         Ice            0%         N/A       47%         3
 Swiftness                Air            0%         N/A       47%         3
 Tukima's Dance           Hex            0%         N/A       47%         3
 Vampiric Draining        Necr           0%         2d6       47%         3
 Passage of Golubria      Tloc           0%         N/A       87%         4
 Agony                    Necr           0%         N/A       99%         5
 Metabolic Englaciation   Hex/Ice        0%         N/A       99%         5
 Yara's Violent Unravell  Hex/Tmut       0%         3d3       99%         5
 Simulacrum               Ice/Necr       0%         N/A       100%        6
 Storm Form               Tmut/Air       0%         N/A       100%        7
 Maxwell's Capacitive Co  Air            0%         ∞         100%        8


Dungeon Overview and Level Annotations

Branches:
Dungeon (7/15)             Temple (0/1) D:6

Altars:
Cheibriados
Dithmenos
Elyvilon
Fedhas
Gozag
Nemelex Xobeh
Qazlal
Trog
Wu Jian
Lugonu

Shops:
D:5 *

Portals:
Abyss: D:4

Annotations:
D:7 Joseph


Innate Abilities, Weirdness & Mutations

You are small and have problems with some larger weapons.
You are completely attuned to the shadows.


Message History

Joseph, a Mercenary comes into view.
He is wielding a +0 quarterstaff.
You shoot an arrow. The arrow barely misses the wyvern.
The wyvern closely misses you.
You shoot an arrow. The arrow hits the wyvern!
The wyvern is moderately wounded.
The wyvern bites you!
Joseph says, "You will never get the ORB, sorry."
You block the wyvern's attack. The wyvern misses you.
You shoot an arrow. The arrow completely misses the wyvern.
The arrow closely misses Joseph.
The wyvern misses you.
An ice beast comes into view.
You shoot an arrow. The arrow hits the wyvern!
Lightning courses through the wyvern!
You kill the wyvern!
Cheibriados appreciates the change of pace.
Joseph unwields a +0 quarterstaff.
Joseph wields a +0 sling.
Joseph shoots a sling bullet.
The sling bullet hits you!
You shoot an arrow. The arrow hits Joseph!!
Joseph is moderately wounded.
You shoot an arrow. The arrow hits Joseph!
Joseph is heavily wounded.
Joseph shoots a sling bullet.
The sling bullet hits you!
You shoot an arrow. The arrow hits Joseph.
Joseph is heavily wounded.
Joseph shoots a sling bullet.
You block the sling bullet with an invisible shield... and reflect it back!
The sling bullet hits Joseph.
You shoot an arrow. The arrow hits Joseph!
Joseph is severely wounded.
Joseph shoots a sling bullet.
The sling bullet hits you!
You are too injured to fight recklessly!
You are too injured to fight recklessly!
Throw: 7 darts (poison)
Press: ? - help, Q - select action, (/) - cycle Shift-Dir - straight line, f/p - Joseph
Aim: Joseph, wielding a +0 sling and wearing a +0 leather armour (severely wounded, 68% to hit)
You throw a poisoned dart.
The poisoned dart closely misses Joseph.
The poisoned dart hits the ice beast.
Joseph shoots a sling bullet.
The sling bullet hits you!!
You die...

....## .....# .....#
.....# ..... .....## #...
......# #Y. ...##.# #@#
.####.# #†# ###########
....#.# #@###..........
....#.# #...'..........
....#.#########..........
..........#..........#####
###.#.###.#.#........'...#
##+#.....#.#.#......###.#
#......###.#.#......# #.#
#..........#'######## #.#
#......#......#########.#


You could see Joseph and an ice beast.

Vanquished Creatures
  A wyvern (D:7)
  Duvessa (D:5)
  2 black bears
  An ogre (D:5)
  A centaur (D:4)
  A phantom (D:5)
  3 scorpions
  A jelly (D:5)
  Dowan (D:5)
  4 hounds
  2 orc wizards (D:5)
  8 adders
  A white imp (D:6)
  3 worms
  2 dart slugs (D:2)
  4 orcs
  8 bats
  6 endoplasms
  2 giant cockroaches
  6 goblins
  14 hobgoblins
  2 jackals (D:3)
  3 quokkas
  9 ball pythons
  6 frilled lizards
  7 kobolds
  4 rats
  A lurking horror (D:4)
104 creatures vanquished.

Notes
Turn   | Place    | Note
-------+----------+-------------------------------------------
     0 | D:1      | night the Kobold Hunter began the quest for the Orb.
     0 | D:1      | Reached XP level 1. HP: 12/12 MP: 1/1
    93 | D:1      | Reached XP level 2. HP: 18/18 MP: 2/2
   308 | D:1      | Found a faded altar of an unknown god.
   315 | D:1      | Prayed at the altar of an unknown god.
   315 | D:1      | Became a worshipper of Cheibriados the Contemplative
   315 | D:1      | Reached * piety under Cheibriados
   376 | D:1      | Reached skill level 2 in Stealth
   512 | D:1      | Reached XP level 3. HP: 19/22 MP: 3/3
   691 | D:1      | Reached ** piety under Cheibriados
  1230 | D:2      | Reached skill level 6 in Ranged Weapons
  1312 | D:2      | Reached XP level 4. HP: 27/27 MP: 4/4
  1972 | D:3      | Found a white marble altar of Elyvilon.
  1979 | D:3      | Reached *** piety under Cheibriados
  2111 | D:3      | Found a sparkling altar of Nemelex Xobeh.
  2199 | D:3      | Reached XP level 5. HP: 32/32 MP: 5/5
  2256 | D:3      | Found an opulent altar of Gozag.
  2686 | D:3      | Found a shadowy altar of Dithmenos.
  2715 | D:3      | Found an ornate altar of the Wu Jian Council.
  2947 | D:4      | Noticed a centaur
  2950 | D:4      | HP: 4/32 [centaur/arrow (7)]
  2952 | D:4      | Killed a centaur
  3087 | D:4      | Reached skill level 7 in Ranged Weapons
  3087 | D:4      | Reached XP level 6. HP: 37/37 MP: 6/6
  3094 | D:4      | Found a one-way gate to the infinite horrors of the Abyss.
  3097 | D:4      | Found a corrupted altar of Lugonu.
  3818 | D:5      | Entered Level 5 of the Dungeon
  3825 | D:5      | Noticed an ogre
  3838 | D:5      | Killed an ogre
  3990 | D:5      | Reached XP level 7. HP: 42/42 MP: 7/7
  4068 | D:5      | Reached skill level 8 in Ranged Weapons
  4131 | D:5      | Found a blossoming altar of Fedhas.
  4249 | D:5      | Reached skill level 5 in Stealth
  4370 | D:5      | Found a bloodstained altar of Trog.
  4621 | D:5      | Found Tosalies's General Store.
  4626 | D:5      | Bought a scroll of identify for 22 gold pieces
  4643 | D:5      | Noticed Duvessa
  4643 | D:5      | Noticed Dowan
  4704 | D:5      | Killed Duvessa
  4705 | D:5      | Reached skill level 5 in Dodging
  4705 | D:5      | Reached XP level 8. HP: 24/48 MP: 8/8
  4821 | D:5      | Reached **** piety under Cheibriados
  4930 | D:5      | Killed Dowan
  4931 | D:5      | Reached skill level 1 in Invocations
  5111 | D:5      | Reached skill level 9 in Ranged Weapons
  5167 | D:5      | Identified a scroll of acquirement
  5167 | D:5      | Acquired a +1 orcbow of electrocution
  5539 | D:6      | Found a staircase to the Ecumenical Temple.
  5618 | D:6      | Found a stormy altar of Qazlal.
  5723 | D:6      | Reached skill level 5 in Fighting
  5723 | D:6      | Reached skill level 2 in Invocations
  6477 | D:7      | Noticed a wyvern
  6478 | D:7      | Noticed Joseph
  6483 | D:7      | Killed a wyvern
  6488 | D:7      | Shot with a sling bullet by Joseph

Illustrated notes

Levels and vault maps discovered:
D:1:      lemuel_arrival_river_ford, layout_basic,
          shapermc_ecumenical_altar_mp_ritualfount, skrybe_limestone_x
D:2:      layout_rooms, kennysheep_generic_room_2
D:3:      layout_loops_corners, nicolae_gozag_seed_capital, elyvilon_altar_1,
          nemelex_diamond_rough_becter, mainiacjoe_overflow_divided_tiny
D:4:      layout_cave_pods, amcnicky_altar_lugonu_corruption
D:5:      layout_basic, general_overflow_altar,
          mainiacjoe_overflow_concentric_impassable, serial_shops, shop,
          minmay_stone_trees_small, uniq_duvessa
D:6:      layout_cave_pods, mainiacjoe_overflow_six_doors_small,
          minmay_temple_entry_gardened_gates, dk_noncrumbling_3, fountainhead
D:7:      layout_basic, uniq_joseph

Skill      XL: |  1  2  3  4  5  6  7  8 |
---------------+-------------------------+-----
Stealth        | 2 3 4 5 6 |  6.3
Dodging        | 3 4 5 |  5.7
Ranged Weapons | 6 7 8 9 |  9.7
Fighting       | 3 4 5 |  5.1
Invocations    | 2 |  2.3

Action                     |  1- 3 |  4- 6 |  7- 9 || total
---------------------------+-------+-------+-------++-------
  Melee: Shortbow          |       |       |     4 ||     4
   Fire: Shortbow          |    89 |   115 |    91 ||   295
         Orcbow            |       |       |    26 ||    26
  Throw: Dart              |       |       |     6 ||     6
    Use: Scroll            |     1 |     1 |     7 ||     9
         Potion            |       |     1 |     2 ||     3
 Armour: Leather armour    |     6 |     7 |     8 ||    21
  Dodge: Dodged            |    21 |    36 |    52 ||   109
  Block: Other             |       |     9 |    17 ||    26
         Reflection        |       |       |     1 ||     1

Table legend: (Time is in decaauts)
 A = Elapsed time spent in this place.
 B = Non-inter-level travel time spent in this place.
 C = Inter-level travel time spent in this place.
 D = Time resting spent in this place.
 E = Time spent auto-exploring this place.
 F = Levels seen in this place.
 G = Mean time per level.
                   A        B        C        D        E       F      G
               +--------+--------+--------+--------+--------+-----+--------+
         Total |   9696 |   9410 |    286 |     81 |   8504 |   7 | 1385.1 |
       Dungeon |   9696 |   9410 |    286 |     81 |   8504 |   7 | 1385.1 |
               +--------+--------+--------+--------+--------+-----+--------+

Top non-repeatable levels by time:
     D:5: 2035 daAuts
     D:3: 1721 daAuts
     D:6: 1681 daAuts
     D:1: 1546 daAuts
     D:4: 1323 daAuts
     D:2: 957 daAuts
     D:7: 430 daAuts
